 Dungeon Crawl Stone Soup version 0.30-a0-394-g3e4acdb0ae (webtiles) character file.

Game seed: 8919021003008925034

32 PimpSugar the Magician (level 3, -2/26 HPs)
             Began as a Demonspawn Hedge Wizard on Dec 6, 2022.
             Slain by a gnoll
             ... wielding a +0 flail of protection
              (3 damage)
             ... on level 2 of the Dungeon.
             The game lasted 00:04:46 (1287 turns).

PimpSugar the Magician (Demonspawn Hedge Wizard)    Turns: 1287, Time: 00:04:46

Health: -2/26      AC:  8    Str: 10    XL:     3   Next: 10%
Magic:  16/16      EV:  9    Int: 17    God:
Gold:   64         SH:  4    Dex: 12    Spells: 5/8 levels left

rFire   . . .      SeeInvis .    a - +0 dagger
rCold   . . .      Faith    .    (no shield)
rNeg    . . .      Spirit   .    b - +0 robe
rPois   .          Reflect  .    c - +0 hat
rElec   .          Harm     .    (no cloak)
rCorr   .          Rampage  .    (no gloves)
Will    .....                    (no boots)
Stlth   ++........               (no amulet)
HPRegen 0.24/turn                i - ring of magical power
MPRegen 0.15/turn                (no ring)

@: sanguine armoured, constricted
A: sanguine armour 1, condensation shield
a: no special abilities


You were on level 2 of the Dungeon.
You visited 1 branch of the dungeon, and saw 2 of its levels.

You collected 64 gold pieces.

Inventory:

Hand Weapons
 a - a +0 dagger (weapon)
Missiles
 f - 13 stones (quivered)
 h - 2 poisoned darts
 k - 2 javelins
Armour
 b - a +0 robe (worn)
 c - a +0 hat (worn)
 n - a +2 pair of gloves
Jewellery
 i - a ring of magical power (left hand)
 o - a ring of see invisible
Scrolls
 e - a scroll of noise {unknown}
 g - a scroll of fear {unknown}
 l - a scroll of vulnerability {unknown}
 m - 2 scrolls of teleportation {unknown}
Potions
 d - a potion of magic
 j - a potion of curing {unknown}


   Skills:
 + Level 1.0 Fighting
 - Level 1.7 Dodging
 - Level 1.7 Stealth
 * Level 3.4 Spellcasting
 + Level 1.7 Conjurations
 + Level 1.2 Summonings
 + Level 1.1 Translocations


You had 5 spell levels left.
You knew the following spells:

 Your Spells              Type           Power      Damage    Failure   Level
a - Magic Dart            Conj           32%        1d4       9%          1
b - Call Imp              Summ           7%         N/A       16%         2

Your spell library contained the following spells:

 Spells                   Type           Power      Damage    Failure   Level
 Blink                    Tloc           12%        N/A       16%         2
 Slow                     Hex            8%         N/A       17%         1
 Cigotuvi's Dreadful Rot  Necr/Pois/Air  4%         N/A       26%         2
 Mephitic Cloud           Conj/Pois/Air  4%         N/A       36%         3
 Confusing Touch          Hex            2%         N/A       45%         3
 Vampiric Draining        Necr           2%         2d6       45%         3
 Manifold Assault         Tloc           6%         N/A       71%         4
 Animate Dead             Necr           2%         N/A       86%         4
 Dispersal                Tloc           3%         N/A       100%        6
 Haunt                    Necr/Summ      2%         N/A       100%        7
 Disjunction              Tloc           3%         N/A       100%        8
 Infestation              Necr           1%         N/A       100%        8


Dungeon Overview and Level Annotations

Branches:
Dungeon (2/15)

Altars:
Kikubaaqudgha


Innate Abilities, Weirdness & Mutations

When seriously injured, your blood forms armour. (AC +6)
A meltable shield of frost defends you. (SH +4)


Message History

A gnoll is wielding a +0 flail of protection.
Found an ancient bone altar of Kikubaaqudgha.
The gnoll shouts! x2
The gnoll moves out of view.
A ball python, a giant cockroach, a quokka, 2 worms and a rat come into view.
Found a green potion.
The ball python hisses angrily.
You see here a ring of see invisible.
o - a ring of see invisible The ball python attacks as you move away!
The ball python bites you. The ball python barely misses you.
The ball python bites you but does no damage.
You block the ball python's attack. You block the ball python's attack.
Keep equipping yourself?
The ball python grabs you. The ball python constricts you.
You start putting on your armour.
You continue putting on your +2 pair of gloves.
The ball python closely misses you. The ball python constricts you.
The gnoll hits you with a +0 flail of protection!
Your blood congeals into armour.
You block the gnoll's attack.
You continue putting on your +2 pair of gloves.
The ball python bites you but does no damage.
The ball python constricts you.
The giant cockroach bites the plant.
The plant begins to die.
The gnoll barely misses you. You block the gnoll's attack.
You continue putting on your +2 pair of gloves.
The ball python bites you but does no damage.
The ball python constricts you.
The giant cockroach bites the plant.
The gnoll hits you with a +0 flail of protection.
* * * LOW HITPOINT WARNING * * *
The gnoll hits you from afar with a +0 spear.
* * * LOW HITPOINT WARNING * * *
You continue putting on your +2 pair of gloves.
The ball python bites you but does no damage.
The ball python constricts you.
The giant cockroach bites the plant.
You block the ball python's attack. The ball python constricts you.
The giant cockroach bites the plant.
The gnoll hits you with a +0 flail of protection.
You die...

. ♣♣P♣.# #.# ....
..P#.# #.# P.
..8P.♣.♣#.# #.# ...
w.♣.♣.♣♣.## #.#
#...#.. ..♣.†.###.####
.r......♣♣†♣#.........
.!_).♣P♣♣P....##......
.......w♣♣........####
♣.BgS@#.###..#
......♣P♣gP..........
§.#....P♣P...#.#..###
.....♣♣♣P♣......
P...♣. ♣♣♣.##.#.. .♣P
. ♣♣. ....# . ♣. ..
..## r ##. .#


You could see a worm, 2 gnolls, a giant cockroach and a ball python.

Vanquished Creatures
  An adder (D:2)
  2 giant cockroaches (D:1)
  2 hobgoblins (D:2)
  4 jackals (D:1)
  3 quokkas
  2 ball pythons
  3 bats
  2 frilled lizards (D:1)
  A rat (D:1)
20 creatures vanquished.

Vanquished Creatures (collateral kills)
  A quokka (D:1)
  A rat (D:2)
2 creatures vanquished.

Vanquished Creatures (others)
  31 plants (D:2)
31 creatures vanquished.

Grand Total: 53 creatures vanquished

Notes
Turn   | Place    | Note
-------+----------+-------------------------------------------
     0 | D:1      | PimpSugar the Demonspawn Hedge Wizard began the quest for
                  | the Orb.
     0 | D:1      | Reached XP level 1. HP: 13/13 MP: 4/4
   528 | D:1      | Gained mutation: When seriously injured, your blood forms
                  | armour. (AC +6) [demonic ancestry]
   528 | D:1      | Reached XP level 2. HP: 8/20 MP: 4/6
   666 | D:1      | Learned a level 2 spell: Call Imp
   996 | D:2      | Reached skill level 1 in Fighting
   996 | D:2      | Reached skill level 1 in Translocations
  1079 | D:2      | Gained mutation: A meltable shield of frost defends you.
                  | (SH +4) [demonic ancestry]
  1079 | D:2      | Reached XP level 3. HP: 26/26 MP: 7/7
  1276 | D:2      | Found an ancient bone altar of Kikubaaqudgha.
  1286 | D:2      | HP: 1/26 [gnoll/+0 spear (5)]
  1287 | D:2      | Slain by a gnoll

Illustrated notes

Levels and vault maps discovered:
D:1:      giann_forest_graveyard, layout_loops_cross
D:2:      wad_woods_stonehenge, layout_loops_ring, uniq_natasha,
          uniq_crazy_yiuf_cottage, uniq_jessica

Skill      XL: |  1  2 |
---------------+-------+-----
Fighting       | 1 |  1.0
Translocations | 1 |  1.1
Dodging        | |  1.7
Stealth        | |  1.7
Spellcasting   | |  3.4
Conjurations   | |  1.7
Summonings     | |  1.2

Action                   || total
-------------------------++-------
Melee: Dagger            ||    75
       Punch             ||     1
 Cast: Magic Dart        ||    43
       Call Imp          ||     3
  Use: Potion            ||     1
Armor: Robe              ||    46
Dodge: Dodged            ||   107
Block: Other             ||     9

Table legend: (Time is in decaauts)
 A = Elapsed time spent in this place.
 B = Non-inter-level travel time spent in this place.
 C = Inter-level travel time spent in this place.
 D = Time resting spent in this place.
 E = Time spent auto-exploring this place.
 F = Levels seen in this place.
 G = Mean time per level.
                   A        B        C        D        E       F      G
               +--------+--------+--------+--------+--------+-----+--------+
         Total |   1286 |   1210 |     76 |      0 |    927 |   2 |  643.0 |
       Dungeon |   1286 |   1210 |     76 |      0 |    927 |   2 |  643.0 |
               +--------+--------+--------+--------+--------+-----+--------+

Top non-repeatable levels by time:
     D:1: 976 daAuts
     D:2: 309 daAuts
